 Dungeon Crawl Stone Soup version 0.28.0-53-g5a82cb258f (webtiles) character file.

Game seed: 5668763170165215521

5436 SanguineChosen the Basher (level 10, -4/61 HPs)
             Began as a Gargoyle Fighter on July 23, 2022.
             Killed by divine providence
             ... invoked by an orc priest
              (7 damage)
             ... on level 9 of the Dungeon.
             The game lasted 00:28:24 (10839 turns).

SanguineChosen the Basher (Gargoyle Fighter)       Turns: 10839, Time: 00:28:25

Health: -4/61      AC: 35    Str: 28    XL:     10   Next: 68%
Magic:  10/10      EV: 10    Int:  9    God:
Gold:   370        SH:  5    Dex: 14    Spells: 9/9 levels left

rFire   + . .      SeeInvis .   z - +9 quarterstaff of Gehom {protect, Str-2 Dex+5}
rCold   . . .      Faith    .   (shield currently unavailable)
rNeg    + . .      Spirit   .   h - +4 chain mail
rPois   ∞          Reflect  +   (no helmet)
rElec   +          Harm     .   o - +0 cloak
rCorr   .          Rampage  .   p - +2 pair of gloves
Will    .....                   A - +0 pair of boots
Stlth   ..........              k - amulet of reflection
HPRegen 0.20/turn               l - +6 ring of strength
MPRegen 0.12/turn               n - ring of protection from fire

@: under a protective aura
A: sickness immunity, AC +7, negative energy resistance 1, electricity
resistance, torment resistance 1, petrification resistance
a: no special abilities


You were on level 9 of the Dungeon.
You visited 1 branch of the dungeon, and saw 9 of its levels.
You also visited: Ossuary.

You collected 370 gold pieces.

Inventory:

Hand Weapons
 z - the +9 quarterstaff of Gehom (weapon) {protect, Str-2 Dex+5}
   (You found it on level 6 of the Dungeon)

   It grants its wielder temporary protection when it strikes (+7 to AC).
   Str:       It affects your strength (-2).
   Dex:       It affects your dexterity (+5).
 E - a +1 flail of protection
 F - a +2 whip of draining
Missiles
 f - a throwing net
 i - 15 poisoned darts (quivered)
Armour
 c - a +0 buckler
 h - a +4 chain mail (worn)
 o - a +0 cloak (worn)
 p - a +2 pair of gloves (worn)
 u - a +1 plate armour of cold resistance
 A - a +0 pair of boots (worn)
 G - +0 acid dragon scales
Jewellery
 b - a +6 ring of intelligence
 k - an amulet of reflection (around neck)
 l - a +6 ring of strength (left hand)
 n - a ring of protection from fire (right hand)
 q - an amulet of the acrobat
Wands
 g - a wand of iceblast (7)
 y - a wand of charming (6)
Scrolls
 j - 5 scrolls of teleportation
 r - 3 scrolls of blinking
 s - a scroll of holy word
 v - 2 scrolls of fog
 x - 3 scrolls of fear
 B - a scroll of vulnerability {unknown}
 D - 4 scrolls of identify
Potions
 a - 2 potions of ambrosia {unknown}
 d - a potion of might
 e - 6 potions of curing
 m - 2 potions of cancellation
 t - 6 potions of heal wounds
 w - a potion of haste
 C - a potion of berserk rage


   Skills:
 + Level 6.7 Fighting
 + Level 9.1(9.7) Maces & Flails
 + Level 5.2(7.8) Staves
 + Level 0.8 Throwing
 + Level 8.1 Armour
 + Level 3.2 Dodging
 + Level 2.7 Stealth
 + Level 7.5 Shields


You had 9 spell levels left.
You didn't know any spells.
Your spell library contained the following spells:

 Spells                   Type           Power      Damage    Failure   Level
 Inner Flame              Hex/Fire       0%         N/A       99%         3
 Cause Fear               Hex            0%         N/A       100%        4
 Hailstorm                Conj/Ice       0%         3d3       100%        4
 Ice Form                 Ice/Tmut       0%         N/A       100%        4
 Simulacrum               Ice/Necr       0%         N/A       100%        6
 Malign Gateway           Summ/Tloc      0%         N/A       100%        7
 Discord                  Hex            0%         N/A       100%        8
 Summon Horrible Things   Summ           0%         N/A       100%        8


Dungeon Overview and Level Annotations

Branches:
Dungeon (9/15)             Temple (0/1) D:4             Orc (0/2) D:9
Ossuary (visited)
   Lair: D:8-11

Altars:
Ashenzari
Cheibriados
Fedhas
Gozag
Makhleb
Nemelex Xobeh
Ru
Zin

Shops:
D:5 (


Innate Abilities, Weirdness & Mutations

You are immune to sickness and miasma.
Your stone body is resilient. (AC +7)
You are immune to poison.
You resist negative energy. (rN+)
You are resistant to electric shocks. (rElec)
You are resistant to unholy torment.
You are immune to petrification.


Message History

The orc misses you.
Your base Staves skill increases to level 5!
The orc priest mumbles some strange prayers to Beogh against you.
Beogh smites you!
The orc priest hits you but does no damage.
The orc hits you but does no damage.
Things that are here:
a +0 battleaxe; a +0 chain mail; an orc corpse The orc priest misses you.
The orc priest hits you with a +0 dagger.
* * * LOW HITPOINT WARNING * * *
You completely miss the orc.
The orc priest hits you but does no damage.
The orc priest invokes the aid of Beogh against you.
You struggle to resist.
The orc hits you but does no damage.
You sock the orc!
You kill the orc!
You block the orc priest's attack.
The orc priest begins to cast a cantrip, but forgets the words!
You block the orc priest's attack.
The orc priest calls down the wrath of Beogh upon you.
Beogh smites you!
* * * LOW HITPOINT WARNING * * *
Items here: )) [[ †.
You completely miss the orc priest.
The orc priest is almost dead.
The orc priest barely misses you.
The orc priest mumbles some strange prayers to Beogh against you.
You struggle to resist.
You bludgeon the orc priest!!
You kill the orc priest!
You block the orc priest's attack.
You barely miss the orc priest.
The orc priest hits you but does no damage.
You barely miss the orc priest. You block the orc priest's attack.
You sock the orc priest!
The orc priest is severely wounded.
The orc priest invokes the aid of Beogh against you.
Beogh smites you!
You die...

#....#.........#....
#....#.........#####
#....###............
#......#...[........ .
#......#............ #..
#......#......####'#
#...#......#......#.....
#...#......#......#.....
#...'.o@)..#......#.....
#...#.)....#......#.....
#...#'#'####......#<....
#...............###.....
#...............#.......
#...............######..
.....................#..
.....###########.....#..
.###########...#.....#..


You could see an orc priest.

Vanquished Creatures
  A two-headed ogre (D:9)
  An ugly thing (D:9)
  4 centaur zombies
  Grinder (D:5)
  Sigmund (D:5)
  A steam dragon (D:8)
  Menkaure (D:5)
  An acid dragon (D:9)
  A water moccasin (D:7)
  6 orc warriors
  4 ice beasts
  A black bear (D:5)
  2 ogres
  A necrophage (D:5)
  A centaur (D:8)
  A kobold brigand (D:7)
  3 bullfrogs
  3 gnoll sergeants
  A scorpion (D:5)
  A water moccasin skeleton (D:5)
  6 killer bees (D:8)
  4 wights (D:6)
  Crazy Yiuf (D:7)
  6 orc priests
  A hound (D:4)
  An iron imp (D:5)
  2 jellies
  A centaur skeleton (D:7)
  3 iguanas
  4 orc wizards
  A mummy (Ossuary)
  A hound skeleton (D:5)
  A howler monkey zombie (D:6)
  10 gnolls
  6 adders
  A howler monkey skeleton (D:7)
  2 shadow imps
  A white imp (D:6)
  An ufetubus (D:5)
  4 worms
  4 dart slugs
  31 orcs
  3 spectral bats (Ossuary)
  6 endoplasms
  2 giant cockroaches
  12 gnoll zombies (Ossuary)
  5 hobgoblins
  2 jackals (D:1)
  13 kobolds
  3 quokkas
  7 ball pythons
  9 bats
  5 frilled lizards
  6 goblins
  A goblin simulacrum (Ossuary)
  6 goblin zombies (Ossuary)
  5 hobgoblin zombies (Ossuary)
  4 kobold simulacra (Ossuary)
  4 kobold zombies (Ossuary)
  3 orc zombies (Ossuary)
  2 rats (D:2)
  4 rat simulacra (Ossuary)
  4 spectral goblins (Ossuary)
  2 spectral kobolds (Ossuary)
  3 spectral rats (Ossuary)
239 creatures vanquished.

Vanquished Creatures (others)
  A gnoll (D:8)
1 creature vanquished.

Grand Total: 240 creatures vanquished

Notes
Turn   | Place    | Note
-------+----------+-------------------------------------------
     0 | D:1      | SanguineChosen the Gargoyle Fighter began the quest for the
                  | Orb.
     0 | D:1      | Reached XP level 1. HP: 14/14 MP: 1/1
   176 | D:1      | Reached XP level 2. HP: 4/19 MP: 2/2
   770 | D:1      | Found a faded altar of an unknown god.
  1644 | D:2      | Reached XP level 3. HP: 20/23 MP: 3/3
  1801 | D:2      | Found an opulent altar of Gozag.
  2000 | D:2      | Reached XP level 4. HP: 18/29 MP: 4/4
  2184 | D:2      | Reached skill level 3 in Maces & Flails
  3057 | D:3      | Reached XP level 5. HP: 33/33 MP: 5/5
  3153 | D:3      | Found a glowing silver altar of Zin.
  3165 | D:3      | Found a snail-covered altar of Cheibriados.
  3363 | D:3      | Found a blossoming altar of Fedhas.
  3577 | D:3      | Found a sparkling altar of Nemelex Xobeh.
  3852 | D:4      | Found a staircase to the Ecumenical Temple.
  4006 | D:4      | Found a broken altar of Ashenzari.
  4196 | D:5      | Entered Level 5 of the Dungeon
  4196 | D:5      | Noticed Grinder
  4231 | D:5      | Noticed a necrophage
  4245 | D:5      | Found Gizas's Weapon Shop.
  4247 | D:5      | Noticed an ice beast
  4272 | D:5      | Reached skill level 4 in Maces & Flails
  4272 | D:5      | Reached XP level 6. HP: 38/38 MP: 6/6
  4294 | D:5      | Killed an ice beast
  4300 | D:5      | Reached skill level 1 in Dodging
  4378 | D:5      | Reached skill level 5 in Maces & Flails
  4378 | D:5      | Reached XP level 7. HP: 19/43 MP: 7/7
  4478 | D:5      | Paralysed by Grinder for 4 turns
  4838 | D:5      | Paralysed by Grinder for 6 turns
  4855 | D:5      | Killed Grinder
  4856 | D:5      | Reached skill level 5 in Shields
  5057 | D:5      | Reached skill level 6 in Maces & Flails
  5057 | D:5      | Reached skill level 5 in Armour
  5057 | D:5      | Reached skill level 1 in Stealth
  5221 | D:5      | Noticed Sigmund
  5239 | D:5      | Killed Sigmund
  5240 | D:5      | Reached XP level 8. HP: 27/48 MP: 8/8
  5643 | D:5      | Noticed Menkaure
  5655 | D:5      | Killed Menkaure
  5932 | D:5      | Found a burning altar of Makhleb.
  6399 | D:6      | Identified the +9 quarterstaff of Gehom {protect, Str-2
                  | Dex+5}
  6411 | D:6      | Reached skill level 5 in Fighting
  6411 | D:6      | Reached skill level 7 in Maces & Flails
  6519 | D:6      | Reached XP level 9. HP: 54/54 MP: 9/9
  7464 | D:7      | Reached skill level 8 in Maces & Flails
  7612 | D:7      | Found a sand-covered staircase.
  7617 | Ossuary  | Entered an ossuary
  8062 | D:7      | Found a runed translucent door.
  8063 | D:7      | Noticed Crazy Yiuf
  8436 | D:7      | Killed Crazy Yiuf
  8554 | D:8      | Reached skill level 9 in Maces & Flails
  9051 | D:8      | Reached skill level 1 in Staves
  9051 | D:8      | Reached XP level 10. HP: 39/60 MP: 10/10
  9274 | D:8      | Found a sacrificial altar of Ru.
  9633 | D:9      | Noticed a cyan ugly thing
  9651 | D:9      | Killed a cyan ugly thing
  9862 | D:9      | Noticed a two-headed ogre
  9875 | D:9      | Killed a two-headed ogre
 10541 | D:9      | Found a staircase to the Orcish Mines.
 10674 | D:9      | Found an opulent altar of Gozag.
 10830 | D:9      | Reached skill level 5 in Staves
 10834 | D:9      | HP: 2/61 [orc priest/divine providence (15)]
 10839 | D:9      | Killed from afar by an orc priest

Illustrated notes

Levels and vault maps discovered:
D:1:      dpeg_arrival_snail, layout_loops_corners,
          dreamdust_ecumenical_altar_angels_and_demons
D:2:      layout_basic, basic_altar, minmay_fractal_squares_5
D:3:      layout_basic, mainiacjoe_overflow_alcove_4,
          chequers_temple_overflow_statue_of_worship,
          mainiacjoe_overflow_cross_hatched, nrook_mini_vaults
D:4:      layout_rooms, lemuel_doored_altar, temple_hall
D:5:      cheibrodos_quashed, layout_cave_pools, makhleb_grotto_becter,
          serial_shops, nicolae_shop_hallway_stairs, uniq_grinder, uniq_sigmund,
          uniq_menkaure
D:6:      layout_cave_pods, minmay_between
D:7:      layout_basic, lightli_ossuary_entry_decrepit_ruins, st_stairs_7,
          uniq_crazy_yiuf_cottage
D:8:      layout_basic, nicolae_ru_the_path_less_chosen,
          chequers_serial_rivers_marsh
D:9:      layout_irregular_city, mainiacjoe_overflow_24_doors, orc_0_dummy,
          enter_bailey_8

Skill      XL: |  1  2  3  4  5  6  7  8  9 10 |
---------------+-------------------------------+-----
Maces & Flails | 3 4 5 6 7 9 |  9.1
Armour         | 4 5 6 8 |  8.1
Shields        | 4 5 6 7 |  7.5
Fighting       | 4 5 6 |  6.7
Dodging        | 1 2 3 |  3.2
Stealth        | 1 2 |  2.7
Staves         | 1 5 |  5.2
Throwing       | |  0.8

Action                   |  1- 3 |  4- 6 |  7- 9 | 10-12 || total
-------------------------+-------+-------+-------+-------++-------
Melee: Flail             |   125 |   174 |   439 |       ||   738
       Quarterstaff      |       |       |    53 |   133 ||   186
Throw: Dart              |       |       |       |     7 ||     7
  Use: Scroll            |     3 |     3 |     9 |       ||    15
       Potion            |       |       |     3 |       ||     3
Armor: Scale mail        |    74 |    63 |    71 |       ||   208
       Chain mail        |       |       |   151 |    85 ||   236
Dodge: Dodged            |    55 |    53 |   180 |    80 ||   368
Block: Buckler           |    60 |    85 |   192 |       ||   337
       Reflection        |     1 |     3 |     4 |     1 ||     9
       Other             |       |       |    10 |    29 ||    39
